 Dungeon Crawl Stone Soup version 0.32-a0-931-g5a2cda0630 (webtiles) character file.

Game seed: 9143574024061484982

32 Gargoyl the Trooper (level 3, 0/36 HPs)
             Began as a Gargoyle Berserker on Apr 13, 2024.
             Was a Follower of Trog.
             Slain by a goblin
             ... wielding a +0 club
             ... led by Robin
              (3 damage)
             ... on level 2 of the Dungeon.
             The game lasted 00:01:36 (863 turns).

Gargoyl the Trooper (Gargoyle Berserker)             Turns: 863, Time: 00:01:37

Health: 0/36       AC:  5    Str: 20    XL:     3   Next: 25%
Magic:  3/3        EV: 11    Int:  7    God:    Trog [*.....]
Gold:   31         SH:  0    Dex: 11    Spells: 2/2 levels left

rFire   . . .        a - +0 hand axe
rCold   . . .        (no shield)
rNeg    + . .        b - +0 animal skin
rPois   ∞            (no helmet)
rElec   +            (no cloak)
rCorr   .            (no gloves)
SInv    .            (no boots)
Will    .....        (no amulet) Stlth
                     (no ring)
HPRegen 0.26/turn    (no ring)
MPRegen 0.08/turn

%: no passive effects
@: berserking, very quick
A: sickness immunity, AC +3, negative energy resistance 1, electricity
resistance, torment resistance 1, petrification resistance
a: Renounce Religion, Berserk


You were on level 2 of the Dungeon.
You worshipped Trog.
Trog was aware of your devotion.
You visited 1 branch of the dungeon, and saw 2 of its levels.

You collected 31 gold pieces.

Inventory:

Hand Weapons
 a - a +0 hand axe (weapon)
Missiles
 c - 7 poisoned darts (quivered)
Armour
 b - a +0 animal skin (worn)
Jewellery
 d - a ring of positive energy
Potions
 e - 2 potions of curing {unknown}
 f - a potion of might {unknown}


   Skills:
 + Level 3.8 Fighting
 + Level 3.1 Axes
 + Level 2.5 Armour
 + Level 1.8 Dodging


You had 2 spell levels left.
You didn't know any spells.
Your spell library was empty.

Dungeon Overview and Level Annotations

Branches:
Dungeon (2/15)

Altars:

Annotations:
D:2 Robin


Innate Abilities, Weirdness & Mutations

You are immune to sickness and miasma.
Your stone body is resilient. (AC +3)
You are immune to poison.
You resist negative energy. (rN+)
You are resistant to electric shocks. (rElec)
You are resistant to unholy torment.
You are immune to petrification.


Message History

Unknown command.
You hit the goblin.
You kill the goblin!
Trog accepts your kill.
You slash the goblin!
You kill the goblin!
Trog accepts your kill.
You closely miss the goblin. You slash the hobgoblin!
You kill the hobgoblin!
Trog accepts your kill.
You closely miss the goblin. You hit the goblin.
You kill the goblin!
Trog accepts your kill.
The goblin unwields a +0 club.
The goblin wields a +0 sling.
The goblin shoots a sling bullet.
The sling bullet hits you.
A hobgoblin comes into view.
Robin throws the goblin at you! The goblin hits you but does no damage.
The goblin unwields a +0 sling.
The goblin wields a +0 club.
The goblin hits you with a +0 club.
* * * LOW HITPOINT WARNING * * *
The hobgoblin shouts!
Things that are here:
a +0 dagger; a goblin corpse Unknown command.
You slash Robin!
Robin is heavily wounded.
You slash the goblin!
You kill the goblin!
Trog accepts your kill. Robin hits you with a +2 whip of venom.
* * * LOW HITPOINT WARNING * * *
You hit Robin.
Robin is almost dead.
You closely miss the goblin. x2; You barely miss the goblin. x2
You closely miss the hobgoblin. The goblin closely misses you.
The hobgoblin hits you but does no damage.
Robin hits you but does no damage. The goblin barely misses you.
The goblin unwields a +0 sling.
The goblin wields a +0 club.
The goblin hits you with a +0 club.
You die...

*,*****,*,*,,* *,,,,***,,,,,*,*
**,*****,*...,* *#.,,,* *******,*
,,,*,,,,,,,..####.####* *,*
***********#.........,***********
*********###........,,,,,,,,,,,,,
,,,,,,,,,........>.,,*****,,,****
*********..g......#*** *****
*.....lgg.## *...<..g@..#
*#.....ggg.# ***** #.....).).#
,,,,** #.........# ***,,*
#.........# **,* #.........# *,**
#.........# **,* ########.##
***,* #.#


You could see Robin, 2 hobgoblins, 4 goblins and a frilled lizard.

Vanquished Creatures
  An adder (D:2)
  2 bats (D:1)
  A giant cockroach (D:1)
  7 goblins
  A hobgoblin (D:2)
  3 kobolds (D:1)
  A quokka (D:2)
  3 rats
19 creatures vanquished.

Notes
Turn   | Place    | Note
-------+----------+-------------------------------------------
     0 | D:1      | Gargoyl the Gargoyle Berserker began the quest for the Orb.
     0 | D:1      | Reached XP level 1. HP: 14/14 MP: 1/1
   323 | D:1      | Reached XP level 2. HP: 14/19 MP: 2/2
   851 | D:2      | Reached XP level 3. HP: 22/24 MP: 3/3
   855 | D:2      | Noticed Robin
   863 | D:2      | Slain by a goblin

Illustrated notes

Levels and vault maps discovered:
D:1:      minmay_arrival_hallway, layout_basic, minmay_split_cup_small
D:2:      layout_basic, basic_altar, serial_aquarium,
          aquarium_bridge_long_separate [aquarium_subvault_wall,
          aquarium_subvault_window, aquarium_subvault_bridge,
          aquarium_subvault_bridge, aquarium_subvault_wall,
          aquarium_subvault_wall], aquarium_window_1, aquarium_window_2,
          aquarium_window_fake, aquarium_view_2b, aquarium_view_2f,
          aquarium_pool_1, uniq_robin

Skill      XL: |  1  2 |
---------------+-------+-----
Axes           | 3 |  3.1
Fighting       | |  3.8
Armour         | |  2.5
Dodging        | |  1.8

Action                     || total
---------------------------++-------
  Melee: Hand axe          ||    62
  Throw: Dart              ||     1
 Invoke: Berserk           ||     1
    Use: Scroll            ||     4
 Armour: Animal skin       ||    63
  Dodge: Dodged            ||    56

Table legend: (Time is in decaauts)
 A = Elapsed time spent in this place.
 B = Non-inter-level travel time spent in this place.
 C = Inter-level travel time spent in this place.
 D = Time resting spent in this place.
 E = Time spent auto-exploring this place.
 F = Levels seen in this place.
 G = Mean time per level.
                   A        B        C        D        E       F      G
               +--------+--------+--------+--------+--------+-----+--------+
         Total |    870 |    868 |      2 |      0 |    683 |   2 |  435.0 |
       Dungeon |    870 |    868 |      2 |      0 |    683 |   2 |  435.0 |
               +--------+--------+--------+--------+--------+-----+--------+

Top non-repeatable levels by time:
     D:1: 747 daAuts
     D:2: 123 daAuts
